 Dungeon Crawl Stone Soup version 0.27.1-2-g3b301248ec (webtiles) character file.

Game seed: 5041477353329907325

695 Rickety the Stinger (level 7, -4/51 HPs)
             Began as a Gnoll Venom Mage on Sept 25, 2021.
             Slain by a steam dragon (8 damage)
             ... on level 4 of the Dungeon.
             The game lasted 00:13:57 (5561 turns).

Rickety the Stinger (Gnoll Venom Mage)              Turns: 5561, Time: 00:13:58

Health: -4/51      AC:  5    Str:  8    XL:     7   Next: 64%
Magic:  14/15      EV: 13    Int: 16    God:
Gold:   19         SH:  0    Dex: 12    Spells: 11/17 levels left

rFire    . . .     SeeInvis .   b - +2 dagger (venom)
rCold    . . .     Faith    .   (no shield)
rNeg     . . .     Spirit   .   j - +0 leather armour
rPois    .         Reflect  .   i - +0 helmet
rElec    .         Harm     .   s - +0 cloak
rCorr    .         Rampage  .   (no gloves)
Will     .....                  (no boots)
Stlth    +++.......             (no amulet)
HPRegen  0.17/turn              (no ring)
MPRegen  0.14/turn              (no ring)

@: no status effects
A: fangs 1, strong nose, distributed training
a: no special abilities


You were on level 4 of the Dungeon.
You visited 1 branch of the dungeon, and saw 5 of its levels.

You collected 114 gold pieces.
You spent 95 gold pieces at shops.

Inventory:

Hand Weapons
 a - a +0 hand axe of electrocution
 b - a +2 dagger of venom (weapon)
Missiles
 q - a throwing net
Armour
 i - a +0 helmet (worn)
 j - a +0 leather armour (worn)
 s - a +0 cloak (worn)
Wands
 o - a wand of flame (21)
Scrolls
 c - 2 scrolls of holy word {unknown}
 f - a scroll of summoning {unknown}
 h - a scroll of amnesia {unknown}
 k - 2 scrolls of magic mapping {unknown}
 l - 3 scrolls of identify {unknown}
 n - a scroll of torment {unknown}
 p - 2 scrolls of teleportation {unknown}
 r - a scroll of fear {unknown}
Potions
 d - a potion of mutation {unknown}
 e - 4 potions of curing {unknown}
 g - 2 potions of resistance {unknown}
 m - a potion of heal wounds


   Skills:
 + Level 2.6 Fighting
 + Level 2.6 Short Blades
 + Level 2.6 Long Blades
 + Level 2.6 Axes
 + Level 2.6 Maces & Flails
 + Level 2.6 Polearms
 + Level 2.6 Staves
 + Level 2.6 Slings
 + Level 2.6 Bows
 + Level 2.6 Crossbows
 + Level 2.6 Throwing
 + Level 2.6 Armour
 + Level 5.3 Dodging
 + Level 5.0 Stealth
 + Level 2.6 Shields
 + Level 2.6 Unarmed Combat
 + Level 5.7 Spellcasting
 + Level 2.1 Conjurations
 + Level 2.1 Hexes
 + Level 2.1 Summonings
 + Level 2.1 Necromancy
 + Level 2.1 Translocations
 + Level 3.0 Transmutations
 + Level 2.1 Fire Magic
 + Level 2.1 Ice Magic
 + Level 2.1 Air Magic
 + Level 2.1 Earth Magic
 + Level 5.9 Poison Magic
 + Level 2.9 Invocations
 + Level 2.6 Evocations


You had 11 spell levels left.
You knew the following spells:

 Your Spells              Type           Power      Damage    Failure   Level
a - Sting                 Tmut/Pois      72%        1d6       3%          1
m - Mephitic Cloud        Conj/Pois/Air  15%        N/A       16%         3
v - Poisonous Vapours     Pois/Air       34%        N/A       6%          2

Your spell library contained the following spells:

 Spells                   Type           Power      Damage    Failure   Level
 Olgreb's Toxic Radiance  Pois           23%        N/A       17%         4


Dungeon Overview and Level Annotations

Branches:
Dungeon (5/15)
 Temple: D:4-7

Altars:
Elyvilon
Ru

Shops:
D:1 [   D:4 *


Innate Abilities, Weirdness & Mutations

You have very sharp teeth.
Your uncanny sense of smell can sniff out nearby items.
Your experience applies equally to all skills.


Message History

You see here a +0 flail.
There is a stone staircase leading down here.
You climb downwards.
Found 17 gold pieces and a leather armour.
There is a stone staircase leading up here.
You climb upwards.
There is a stone staircase leading down here.
There is an open door here.
There is a stone staircase leading down here.
You climb downwards.
Found an escape hatch in the floor.
There is a stone staircase leading up here.
The steam dragon closely misses you. x2
You closely miss the steam dragon. The steam dragon bites you.
The steam dragon closely misses you.
There is a stone staircase leading up here.
The steam dragon bites you. The steam dragon barely misses you.
You climb upwards.
There is a stone staircase leading down here.
Aiming: Sting (safe; 3% risk of failure)
Press: ? - help, Q - select action, (/) - cycle Shift-Dir - straight line, f - steam dragon
Aim: a steam dragon (74% to hit)
The sting hits the steam dragon.
The steam dragon is poisoned.
The steam dragon is lightly wounded.
The steam dragon breathes steam at you. The ball of steam hits you!
You are engulfed in a cloud of scalding steam.
The steam dragon bites you but does no damage.
The steam dragon closely misses you. The steam dragon breathes steam at you.
The ball of steam hits you!!
* * * LOW HITPOINT WARNING * * *
Aiming: Sting (safe; 3% risk of failure)
Press: ? - help, Q - select action, (/) - cycle Shift-Dir - straight line, f/p - steam dragon
Aim: a steam dragon (moderately wounded, poisoned, 74% to hit)
The sting hits the steam dragon.
The steam dragon looks even sicker.
The steam dragon is heavily wounded.
Unknown command.
The steam dragon bites you!
You die...

##
##############################.
#............................#.
#.............§§.............')
#............................#.
#......##....................#.
#......##.....§.......##.....#.
#......##.....@.##....##.....#.
#......##....D..##.....'.....#.
#......................#.....#.
#########.......##....##.....#.
#......##.§.>...##....##.....#.
#......##÷......##....##'#####.
#......##'########....#........
#.....................#........
#.....................#........


You could see a steam dragon (very poisoned).

Vanquished Creatures
  Grinder (D:4)
  A scorpion (D:3)
  A gnoll shaman (D:3)
  2 hounds
  A bullfrog skeleton (D:4)
  An iguana (D:4)
  Natasha (thrice) (D:2)
  11 gnolls
  3 adders
  3 dart slugs
  9 orcs
  8 ball pythons
  6 endoplasms
  5 giant cockroaches
  6 goblins
  4 hobgoblins
  8 jackals
  4 quokkas
  4 bats
  7 frilled lizards
  6 kobolds
  3 rats
97 creatures vanquished.

Notes
Turn   | Place    | Note
-------+----------+-------------------------------------------
     0 | D:1      | Rickety the Gnoll Venom Mage began the quest for the Orb.
     0 | D:1      | Reached XP level 1. HP: 13/13 MP: 6/6
   198 | D:1      | Reached XP level 2. HP: 19/19 MP: 4/7
   211 | D:1      | Learned a level 2 spell: Poisonous Vapours
   462 | D:1      | Found a faded altar of an unknown god.
   867 | D:1      | Reached XP level 3. HP: 25/25 MP: 6/9
   871 | D:1      | Learned a level 3 spell: Mephitic Cloud
   988 | D:1      | Reached skill level 5 in Spellcasting
  1083 | D:1      | Found Inerghi's Antique Armour Shop.
  1465 | D:2      | Reached skill level 1 in Invocations
  1628 | D:2      | Reached skill level 1 in Fighting
  1628 | D:2      | Reached skill level 1 in Short Blades
  1628 | D:2      | Reached skill level 1 in Long Blades
  1628 | D:2      | Reached skill level 1 in Axes
  1628 | D:2      | Reached skill level 1 in Maces & Flails
  1628 | D:2      | Reached skill level 1 in Polearms
  1628 | D:2      | Reached skill level 1 in Staves
  1628 | D:2      | Reached skill level 1 in Slings
  1628 | D:2      | Reached skill level 1 in Bows
  1628 | D:2      | Reached skill level 1 in Crossbows
  1628 | D:2      | Reached skill level 1 in Throwing
  1628 | D:2      | Reached skill level 1 in Armour
  1628 | D:2      | Reached skill level 1 in Shields
  1628 | D:2      | Reached skill level 1 in Unarmed Combat
  1628 | D:2      | Reached skill level 1 in Evocations
  1742 | D:2      | Noticed Natasha
  1751 | D:2      | Killed Natasha
  1752 | D:2      | Reached XP level 4. HP: 28/32 MP: 7/11
  1967 | D:2      | Noticed Natasha
  1980 | D:2      | Killed Natasha
  1981 | D:2      | Reached skill level 1 in Conjurations
  1981 | D:2      | Reached skill level 1 in Hexes
  1981 | D:2      | Reached skill level 1 in Summonings
  1981 | D:2      | Reached skill level 1 in Necromancy
  1981 | D:2      | Reached skill level 1 in Translocations
  1981 | D:2      | Reached skill level 1 in Fire Magic
  1981 | D:2      | Reached skill level 1 in Ice Magic
  1981 | D:2      | Reached skill level 1 in Air Magic
  1981 | D:2      | Reached skill level 1 in Earth Magic
  2048 | D:2      | Reached XP level 5. HP: 31/37 MP: 2/12
  2142 | D:2      | Noticed Natasha
  2151 | D:2      | Killed Natasha
  2874 | D:3      | Reached XP level 6. HP: 25/44 MP: 5/13
  3283 | D:3      | Reached skill level 5 in Dodging
  3474 | D:3      | Found a white marble altar of Elyvilon.
  3652 | D:3      | Found a sacrificial altar of Ru.
  4172 | D:4      | Found Juwnitich's Assorted Antiques.
  4180 | D:4      | Bought a potion of heal wounds for 95 gold pieces
  4203 | D:4      | Noticed Grinder
  4212 | D:4      | Paralysed by Grinder for 3 turns
  4229 | D:4      | Killed Grinder
  4230 | D:4      | Reached XP level 7. HP: 9/51 MP: 8/15
  5107 | D:4      | Found Feamacho's Antique Weapon Shop.
  5307 | D:4      | Reached skill level 5 in Stealth
  5527 | D:5      | Entered Level 5 of the Dungeon
  5549 | D:5      | Noticed a steam dragon
  5561 | D:4      | Slain by a steam dragon

Illustrated notes

Levels and vault maps discovered:
D:1:      lemuel_arrival_river_passageway, layout_basic,
          hellmonk_ecumenical_altar_lost_god, serial_shops, shop,
          minmay_heptomino_h4
D:2:      layout_basic, kennysheep_generic_room_4, uniq_natasha
D:3:      layout_loops_cross, nicolae_ru_awakened_eye,
          mainiacjoe_overflow_six_doors_small
D:4:      layout_gridville, serial_shops, shop, nicolae_diamond_shop,
          uniq_grinder
D:5:      layout_loops_corners, chequers_serial_rivers_small_b

Skill      XL: |  1  2  3  4  5  6  7 |
---------------+----------------------+-----
Transmutations | 2 3 |  3.0
Spellcasting   | 5 |  5.7
Invocations    | 1 2 |  2.9
Fighting       | 1 2 |  2.6
Short Blades   | 1 2 |  2.6
Long Blades    | 1 2 |  2.6
Axes           | 1 2 |  2.6
Maces & Flails | 1 2 |  2.6
Polearms       | 1 2 |  2.6
Staves         | 1 2 |  2.6
Slings         | 1 2 |  2.6
Bows           | 1 2 |  2.6
Crossbows      | 1 2 |  2.6
Throwing       | 1 2 |  2.6
Armour         | 1 2 |  2.6
Shields        | 1 2 |  2.6
Unarmed Combat | 1 2 |  2.6
Evocations     | 1 2 |  2.6
Conjurations   | 1 2 |  2.1
Hexes          | 1 2 |  2.1
Summonings     | 1 2 |  2.1
Necromancy     | 1 2 |  2.1
Translocations | 1 2 |  2.1
Fire Magic     | 1 2 |  2.1
Ice Magic      | 1 2 |  2.1
Air Magic      | 1 2 |  2.1
Earth Magic    | 1 2 |  2.1
Dodging        | 5 |  5.3
Stealth        | 5 |  5.0
Poison Magic   | |  5.9

Action                   |  1- 3 |  4- 6 |  7- 9 || total
-------------------------+-------+-------+-------++-------
Melee: Unarmed           |     4 |       |       ||     4
       Short sword       |    24 |       |       ||    24
       Bite              |     1 |     5 |     2 ||     8
       Dagger            |     2 |     7 |    22 ||    31
       Halberd           |     2 |    34 |     3 ||    39
 Cast: Sting             |    31 |    64 |    35 ||   130
       Poisonous Vapours |    16 |    33 |    21 ||    70
       Mephitic Cloud    |     1 |     4 |       ||     5
 Stab: Sleeping          |     4 |     1 |     3 ||     8
       Confused          |     1 |     1 |       ||     2
Armor: Robe              |     2 |       |       ||     2
       Leather armour    |     7 |    18 |    10 ||    35
Dodge: Dodged            |    21 |    67 |    44 ||   132
